 Dungeon Crawl Stone Soup version 0.21.1-1-g345015f (webtiles) character file.

4789 Kairos the Cruncher (level 10, -10/76 HPs)
             Began as a Demonspawn Skald on Mar 26, 2018.
             Was a Believer of Okawaru.
             Mangled by a two-headed ogre
             ... wielding a +0 giant spiked club
              (17 damage)
             ... on level 8 of the Dungeon.
             The game lasted 00:21:35 (8473 turns).

Kairos the Cruncher (Demonspawn Skald)              Turns: 8473, Time: 00:21:37

Health: -10/76     AC: 18    Str: 14    XL:     10   Next: 24%
Magic:  23/24      EV: 13    Int: 15    God:    Okawaru [**....]
Gold:   233        SH:  0    Dex: 13    Spells: 7/16 levels left

rFire    . . .     SeeInvis .   s - +2 quarterstaff (chaos)
rCold    . . .     Gourm    .   (shield currently unavailable)
rNeg     + . .     Faith    .   v - +3 leather armour {rN+}
rPois    +         Spirit   .   A - +2 hat of the Secret Orbs {rCorr MP+9}
rElec    .         Reflect  .   p - +0 cloak {rPois}
rCorr    +         Harm     .   (no gloves)
MR       .....                  (no boots)
Stlth    ++........             (no amulet)
HPRegen  0.22/turn              (no ring)
MPRegen  0.19/turn              (no ring)

@: sanguine armour
A: talons 1, powered by death 1, spiny 1, sanguine armour 2
a: Heroism, Renounce Religion


You were on level 8 of the Dungeon.
You worshipped Okawaru.
Okawaru was pleased with you.
You were hungry.

You visited 2 branches of the dungeon, and saw 9 of its levels.
You also visited: Ossuary.

You collected 233 gold pieces.

Inventory:

Hand Weapons
 a - a +0 mace
 s - a +2 quarterstaff of chaos (weapon)
 F - a +1 whip of electrocution
Armour
 b - a +0 leather armour
 p - a +0 cloak of poison resistance (worn)
 r - a +2 helmet
 v - a +3 leather armour of positive energy (worn)
 x - a +0 pair of gloves
 A - the +2 hat of the Secret Orbs (worn) {rCorr MP+9}
   (You found it on level 7 of the Dungeon)

   It affects your magic capacity (+9).
   It protects you from acid and corrosion.
Jewellery
 B - an uncursed ring of fire {unknown}
 G - an uncursed amulet of rage {unknown}
Wands
 u - a wand of polymorph (22)
Scrolls
 e - 2 scrolls of fear
 f - 3 scrolls of remove curse
 h - 5 scrolls of amnesia
 n - a scroll of random uselessness {unknown}
 o - 2 scrolls of immolation
 q - 5 scrolls of teleportation
 w - 4 scrolls of identify
 y - 2 scrolls of enchant armour {unknown}
 z - a scroll of fog {unknown}
Potions
 g - 2 potions of might {unknown}
 i - 4 potions of brilliance
 j - 3 potions of mutation {unknown}
 k - 5 potions of curing
 l - 2 potions of berserk rage
 m - 2 potions of lignification
 t - 2 potions of flight {unknown}
 C - a potion of invisibility {unknown}
 E - a potion of cancellation {unknown}
Books
 c - a book of Battle

   Spells                             Type                      Level
   a - Infusion                       Charms                       1
   b - Shroud of Golubria             Charms/Translocation         2
   c - Song of Slaying                Charms                       2
   d - Spectral Weapon                Hexes/Charms                 3
   e - Regeneration                   Charms/Necromancy            3
 D - a book of Conjurations

   Spells                             Type                      Level
   a - Magic Dart                     Conjuration                  1
   b - Searing Ray                    Conjuration                  2
   c - Dazzling Spray                 Conjuration/Hexes            3
   d - Fulminant Prism                Conjuration/Hexes            4
   e - Force Lance                    Conjuration/Translocation    4
   f - Iskenderun's Mystic Blast      Conjuration                  4
Comestibles
 d - 10 rations


   Skills:
 + Level 6.2 Fighting
 + Level 4.3(6.7) Maces & Flails
 + Level 8.0(8.5) Staves
 + Level 4.3 Armour
 + Level 4.0 Dodging
 + Level 4.5 Stealth
 + Level 3.7 Spellcasting
 + Level 4.6 Charms
 + Level 0.2 Necromancy
 + Level 1.4 Translocations
 + Level 0.1 Invocations


You had 7 spell levels left.
You knew the following spells:

 Your Spells              Type           Power        Failure   Level  Hunger
a - Infusion              Chrm           ###.         3%          1    None
b - Shroud of Golubria    Chrm/Tloc      ##........   10%         2    ##.....
c - Regeneration          Chrm/Necr      ##........   26%         3    ###....
d - Spectral Weapon       Hex/Chrm       #.......     26%         3    ###....


Dungeon Overview and Level Annotations

Branches:
Dungeon (8/15)             Temple (1/1) D:6
   Lair: D:8-11

Altars:
Ashenzari
Cheibriados
Dithmenos
Elyvilon
Fedhas
Hepliaklqana
Makhleb
Okawaru
Qazlal
Ru
Sif Muna
Trog
Uskayaw
Vehumet
Wu Jian
Xom
Yredelemnul
Zin
The Shining One

Annotations:
D:4 exclusion: oklob plant


Innate Abilities, Weirdness & Mutations

You have sharp toenails.
You regenerate a little health from kills.
You are partially covered in sharp spines.
When seriously injured, your bleeding wounds create thick armour. (AC +9)


Message History

You claw the two-headed ogre.
The two-headed ogre is moderately wounded.
The two-headed ogre barely misses you.
The two-headed ogre hits you but does no damage.
You barely miss the two-headed ogre.
The two-headed ogre is moderately wounded.
You hit the two-headed ogre but do no damage.
The two-headed ogre is moderately wounded.
The two-headed ogre hits you with a giant spiked club!!
The two-headed ogre hits you with a giant club.
* * * LOW HITPOINT WARNING * * *
You are too injured to fight recklessly!
You are too injured to fight recklessly!
You hit the two-headed ogre.
Space bends around the two-headed ogre.
The two-headed ogre is heavily wounded.
The two-headed ogre is struck by your spines.
The two-headed ogre hits you with a giant spiked club!
* * * LOW HITPOINT WARNING * * *
The two-headed ogre hits you with a giant club!
You die...

.......##### ...........#
.......###.### #####.##
#...# ## #.## ###.### #..
#####>.### #...# ##.. .
....##...#####.# #... ..
.....###...###.### ..##...
......####..##(.@##.#.[...
......# ##..###(Oc.#.>...
......# ##...###.......#
......########...#.#......
).........####...†.....##.
......###..†...##.....###.
.....## ####.#............
....## #...####.........
##### #.### #..#..#....


You could see a two-headed ogre and a centaur.

Vanquished Creatures
  The ghost of NorthaanB the Slicer, a novice KoAs of Okawaru (D:8)
  Pikel (D:7)
  The ghost of Eltigrechino the Skirmisher, a novice HOFi of Trog (D:5)
  A hungry ghost (D:8)
  Eustachio (D:6)
  A steam dragon (D:4)
  Menkaure (D:7)
  2 sky beasts (D:6)
  An ice beast (D:8)
  A phantom (D:6)
  6 ogres
  3 centaurs
  A big kobold (D:7)
  An elf zombie (Ossuary)
  2 bullfrogs (D:8)
  6 killer bees (D:8)
  A bullfrog zombie (D:5)
  A centaur zombie (Ossuary)
  4 crimson imps
  4 hounds
  A jelly (D:5)
  2 bullfrog skeletons
  3 orc priests
  Crazy Yiuf (D:3)
  A centaur skeleton (D:6)
  Jessica (D:4)
  2 iguanas
  4 orc wizards
  9 worker ants
  2 big kobold zombies (Ossuary)
  2 mummies (Ossuary)
  A worker ant zombie (D:5)
  Robin (D:3)
  15 adders
  3 gnolls (D:2)
  3 shadow imps
  3 oozes
  2 adder zombies
  3 adder skeletons
  A dart slug (D:1)
  4 worms
  14 orcs
  4 giant cockroaches
  17 goblins
  12 hobgoblins
  6 jackals (D:2)
  4 quokkas
  2 bats
  8 frilled lizards
  2 goblin zombies (Ossuary)
  10 hobgoblin zombies (Ossuary)
  2 jackal zombies
  3 kobolds
  10 kobold zombies (Ossuary)
  A leopard gecko zombie (D:6)
  9 orc zombies (Ossuary)
  7 rats
215 creatures vanquished.

Vanquished Creatures (others)
  An orc (D:5)
  17 toadstools (D:4)
18 creatures vanquished.

Grand Total: 233 creatures vanquished

Notes
Turn   | Place    | Note
-------+----------+-------------------------------------------
     0 | D:1      | Kairos the Demonspawn Skald began the quest for the Orb.
     0 | D:1      | Reached XP level 1. HP: 16/16 MP: 3/3
   633 | D:1      | Reached skill level 1 in Armour
   633 | D:1      | Gained mutation: You are partially covered in sharp spines. [demonic ancestry]
   633 | D:1      | Reached XP level 2. HP: 22/22 MP: 5/5
  1219 | D:2      | Reached XP level 3. HP: 19/27 MP: 6/6
  1539 | D:2      | Found a faded altar of an unknown god.
  1540 | D:2      | Noticed Jessica
  1564 | D:2      | Gained mutation: When seriously injured, your bleeding wounds create armour. (AC +9) [demonic ancestry]
  1564 | D:2      | Reached XP level 4. HP: 26/33 MP: 2/7
  2129 | D:3      | Found a runed door.
  2313 | D:3      | Gained mutation: You have sharp toenails. [demonic ancestry]
  2313 | D:3      | Reached XP level 5. HP: 34/39 MP: 8/8
  2343 | D:3      | Noticed Robin
  2358 | D:3      | Killed Robin
  2908 | D:3      | Noticed Crazy Yiuf
  2915 | D:3      | Killed Crazy Yiuf
  2915 | D:3      | Gained mutation: You regenerate a little health from kills. [demonic ancestry]
  2915 | D:3      | Reached XP level 6. HP: 26/46 MP: 4/9
  3236 | D:4      | Reached skill level 1 in Stealth
  3251 | D:4      | Killed Jessica
  3410 | D:4      | Reached skill level 1 in Staves
  3410 | D:4      | Reached XP level 7. HP: 7/52 MP: 6/10
  3678 | D:4      | Noticed a steam dragon
  3678 | D:4      | a hound changed into a steam dragon
  3688 | D:4      | Killed a steam dragon
  3688 | D:4      | Reached skill level 2 in Staves
  4190 | D:4      | Found a blossoming altar of Fedhas.
  4201 | D:4      | Noticed an oklob plant
  4459 | D:5      | Entered Level 5 of the Dungeon
  4486 | D:5      | Reached skill level 3 in Staves
  4494 | D:5      | Noticed Eltigrechino's ghost (novice HOFi)
  4506 | D:5      | Learned a level 2 spell: Shroud of Golubria
  4569 | D:5      | Reached XP level 8. HP: 59/60 MP: 12/12
  4680 | D:5      | Noticed a moth of wrath
  4682 | D:5      | Found a bloodstained altar of Trog.
  5281 | D:5      | HP: 2/60 [Eltigrechino's ghost (3)]
  5586 | D:5      | Found a basalt altar of Yredelemnul.
  5587 | D:5      | Found a snail-covered altar of Cheibriados.
  5589 | D:5      | Found a shimmering altar of Xom.
  5592 | D:5      | Found a hide-covered altar of Uskayaw.
  5593 | D:5      | Found a shadowy altar of Dithmenos.
  5659 | D:5      | Reached skill level 4 in Staves
  5833 | D:5      | Killed Eltigrechino's ghost
  6088 | D:6      | Found a white marble altar of Elyvilon.
  6096 | D:6      | Noticed Eustachio
  6106 | D:6      | Killed Eustachio
  6106 | D:6      | Reached skill level 5 in Staves
  6186 | D:6      | Reached XP level 9. HP: 67/67 MP: 5/14
  6213 | D:6      | Found a staircase to the Ecumenical Temple.
  6221 | D:6      | Found a sand-covered staircase.
  6225 | Ossuary  | Entered an ossuary
  6394 | Ossuary  | Reached skill level 5 in Fighting
  6603 | D:6      | Reached skill level 6 in Staves
  6896 | Temple   | Entered the Ecumenical Temple
  7019 | Temple   | Became a worshipper of Warmaster Okawaru
  7202 | D:7      | Got a jewelled hat
  7213 | D:7      | Identified the +2 hat of the Secret Orbs {rCorr MP+9} (You found it on level 7 of the Dungeon)
  7542 | D:7      | Learned a level 3 spell: Regeneration
  7546 | D:7      | Learned a level 3 spell: Spectral Weapon
  7779 | D:7      | Noticed Menkaure
  7786 | D:7      | Killed Menkaure
  7833 | D:7      | Noticed Pikel
  7848 | D:7      | Killed Pikel
  7848 | D:7      | Reached * piety under Okawaru
  7848 | D:7      | Reached skill level 7 in Staves
  7890 | D:8      | Noticed a two-headed ogre
  7898 | D:8      | Reached skill level 1 in Translocations
  7950 | D:8      | Noticed NorthaanB's ghost (novice KoAs)
  8271 | D:8      | Killed NorthaanB's ghost
  8271 | D:8      | Gained mutation: When seriously injured, your bleeding wounds create thick armour. (AC +9) [demonic ancestry]
  8271 | D:8      | Reached XP level 10. HP: 40/76 MP: 14/15
  8405 | D:8      | Reached skill level 8 in Staves
  8427 | D:8      | Reached ** piety under Okawaru
  8473 | D:8      | Mangled by a two-headed ogre

Skill      XL: |  1  2  3  4  5  6  7  8  9 10 |
---------------+-------------------------------+-----
Armour         | 1 2 3 4 |  4.3
Charms         | 3 4 |  4.6
Maces & Flails | 2 3 4 |  4.3
Dodging        | 2 3 4 |  4.0
Fighting       | 3 4 6 |  6.2
Stealth        | 1 2 3 4 |  4.5
Staves         | 1 3 5 7 8 |  8.0
Spellcasting   | 3 |  3.7
Translocations | 1 |  1.4
Necromancy     | |  0.2
Invocations    | |  0.1

Action                   |  1- 3 |  4- 6 |  7- 9 | 10-12 || total
-------------------------+-------+-------+-------+-------++-------
Melee: Mace              |    62 |   116 |       |       ||   178
       Kick              |       |    12 |    71 |     7 ||    90
       Quarterstaff      |       |    25 |   322 |    28 ||   375
 Cast: Infusion          |     1 |     3 |     9 |     1 ||    14
       Shroud of Golubri |       |       |     7 |     1 ||     8
       Regeneration      |       |       |     2 |     1 ||     3
Invok: Heroism           |       |       |     1 |       ||     1
  Use: Scroll            |       |       |    12 |       ||    12
 Stab: Sleeping          |       |       |     5 |       ||     5
       Confused          |       |       |     1 |       ||     1
       Paralysed         |       |       |     5 |       ||     5
       Distracted        |       |       |     1 |       ||     1
  Eat: Chunk             |     2 |     3 |     8 |       ||    13
       Ration            |       |     1 |     3 |       ||     4
Armor: Leather armour    |    16 |    44 |   107 |    11 ||   178
Dodge: Dodged            |    37 |    91 |   162 |    25 ||   315
